 Dungeon Crawl Stone Soup version 0.30.1-9-gdf580d7c3d (webtiles) character file.

Game seed: 10291115715169086921

133 ChiefBigBeans the Firebug (level 4, 0/33 HPs)
             Began as a Draconian Fire Elementalist on Oct 3, 2023.
             Slain by a black bear (3 damage)
             ... on level 4 of the Dungeon.
             The game lasted 00:08:12 (3047 turns).

ChiefBigBeans the Firebug (DrFE)                    Turns: 3047, Time: 00:08:12

Health: 0/33       AC:  6    Str: 10    XL:     4   Next: 94%
Magic:  2/8        EV: 17    Int: 17    God:
Gold:   113        SH:  0    Dex: 12    Spells: 6/9 levels left

rFire   . . .        h - +2 dagger (pain)
rCold   . . .        (no shield)
rNeg    . . .        (body armour unavailable)
rPois   .            (helmet restricted)
rElec   .            (no cloak)
rCorr   .            (no gloves)
SInv    +            k - +0 pair of boots
Will    .....        (no amulet)
Stlth   ++           i - ring of see invisible
HPRegen 0.25/turn    m - +5 ring of evasion
MPRegen 0.11/turn

%: no passive effects
@: about to teleport
A: AC +5, unfitting armour, cold-blooded
a: no special abilities


You were on level 4 of the Dungeon.
You visited 1 branch of the dungeon, and saw 4 of its levels.

You collected 113 gold pieces.

Inventory:

Hand Weapons
 h - a +2 dagger of pain (weapon)
 j - a +0 short sword
Armour
 k - a +0 pair of boots (worn)
Jewellery
 i - a ring of see invisible (left hand)
 m - a +5 ring of evasion (right hand)
Scrolls
 b - a scroll of identify
 d - 4 scrolls of magic mapping
 f - 2 scrolls of noise
Potions
 a - a potion of magic
 c - a potion of haste
 g - a potion of curing
 l - 3 potions of degeneration


   Skills:
 - Level 1.7 Dodging
 - Level 1.7 Stealth
 + Level 3.1 Spellcasting
 + Level 2.8 Conjurations
 + Level 4.0 Fire Magic


You had 6 spell levels left.
You knew the following spells:

 Your Spells              Type           Power      Damage    Failure   Level
a - Foxfire               Conj/Fire      56%        2x1d6     4%          1
b - Scorch                Fire           32%        2d6       4%          2

Your spell library contained the following spells:

 Spells                   Type           Power      Damage    Failure   Level
 Inner Flame              Hex/Fire       9%         N/A       22%         3
 Volatile Blastmotes      Fire/Tloc      18%        2d11      22%         3
 Poisonous Vapours        Pois/Air       4%         N/A       26%         2
 Mephitic Cloud           Conj/Pois/Air  5%         N/A       34%         3
 Flame Wave               Conj/Fire      14%        2d6       38%         4
 Freezing Cloud           Conj/Ice/Air   2%         6-21      97%         5


Dungeon Overview and Level Annotations

Branches:
Dungeon (4/15)
 Temple: D:4-7

Altars:
Elyvilon
Fedhas
Gozag
Qazlal
Xom


Innate Abilities, Weirdness & Mutations

Your plain brown scales are hard. (AC +5)
You cannot fit into any form of body armour.
You are cold-blooded and may be slowed by cold attacks.


Message History

Okay, then.
You hit the black bear but do no damage.
The black bear is severely wounded.
The foxfire hits the black bear.
The black bear is severely wounded.
The foxfire hits the black bear.
The black bear is severely wounded.
The endoplasm closely misses you.
The black bear goes berserk!
You barely miss the black bear.
The black bear is severely wounded.
The black bear bites you but does no damage.
The black bear claws you.
The black bear claws you but does no damage.
A sleepcap comes into view.
The endoplasm freezes you.
You are frozen.
You hit the black bear.
The black bear is almost dead.
The black bear bites you. The black bear claws you. The black bear misses you.
The jackal bites you but does no damage.
The black bear bites you! The black bear closely misses you.
The black bear claws you but does no damage.
A hobgoblin comes into view.
The endoplasm jiggles.
The endoplasm freezes you.
You are frozen.
The hobgoblin shouts!
You hit the black bear.
The black bear is almost dead.
The jackal closely misses you. The black bear bites you!
* * * LOW HITPOINT WARNING * * *
The black bear claws you but does no damage.
The black bear completely misses you. The jackal misses you.
The endoplasm barely misses you.
As you read the scroll of teleportation, it crumbles to dust.
You feel strangely unstable.
The black bear bites you but does no damage.
The black bear barely misses you. x2; The jackal misses you.
The sleepcap completely misses you. The black bear bites you.
You die...

._..#..##.. .#
..$$#..#.## .#
....#.#...###.#
####.#.#..<.#
....#...###.#
#..#.### .# ###
#..#.#####.#
#...g#..h.......
#.J@h?.###.#
##f.........
#.....###.#
#....## #.####
.. ###


You could see a black bear (berserk), a sleepcap, an endoplasm, a jackal and a
hobgoblin.

Vanquished Creatures
  Robin (D:2)
  A gnoll (D:1)
  3 adders
  7 endoplasms
  4 giant cockroaches
  13 goblins
  10 hobgoblins
  11 jackals
  3 quokkas
  4 ball pythons (D:1)
  4 bats
  7 frilled lizards
  3 kobolds
  6 rats
77 creatures vanquished.

Vanquished Creatures (others)
  144 foxfires
144 creatures vanquished.

Grand Total: 221 creatures vanquished

Notes
Turn   | Place    | Note
-------+----------+-------------------------------------------
     0 | D:1      | ChiefBigBeans the Draconian Fire Elementalist began the
                  | quest for the Orb.
     0 | D:1      | Reached XP level 1. HP: 14/14 MP: 3/3
   154 | D:1      | Reached XP level 2. HP: 20/20 MP: 1/5
   569 | D:1      | Reached XP level 3. HP: 24/26 MP: 2/6
  1679 | D:2      | Reached XP level 4. HP: 28/33 MP: 6/8
  1785 | D:2      | Identified the +2 helmet of the Robin {Str+5 Slay+3}
  1785 | D:2      | Noticed Robin
  1840 | D:2      | Killed Robin
  2393 | D:3      | Reached skill level 4 in Fire Magic
  2396 | D:3      | Learned a level 2 spell: Scorch
  2600 | D:3      | Found a stormy altar of Qazlal.
  2719 | D:3      | Found a blossoming altar of Fedhas.
  2769 | D:3      | Found an opulent altar of Gozag.
  3022 | D:4      | Found a white marble altar of Elyvilon.
  3022 | D:4      | Noticed a black bear
  3027 | D:4      | Found a shimmering altar of Xom.
  3047 | D:4      | Slain by a black bear

Illustrated notes

Levels and vault maps discovered:
D:1:      saegor_arrival_simple_d, layout_rooms, minmay_misc_feat_doors,
          nicolae_concentric_dashed_squares_mild
D:2:      layout_loops_corners, uniq_robin
D:3:      layout_rooms, overflow_temple_1_default,
          lemuel_coloured_pillars_altar, grunt_qazlal_sundering,
          serial_park_tiny_1
D:4:      layout_loops_ring, amcnicky_altar_gilded, overflow_temple_1_default,
          kennysheep_mini_moat, serial_shops, shop

Skill      XL: |  1  2  3  4 |
---------------+-------------+-----
Conjurations   | 2 |  2.8
Spellcasting   | 3 |  3.1
Fire Magic     | 4 |  4.0
Dodging        | |  1.7
Stealth        | |  1.7

Action                     |  1- 3 |  4- 6 || total
---------------------------+-------+-------++-------
  Melee: Unarmed           |    16 |       ||    16
         Dagger            |    24 |    17 ||    41
         Tailslap          |     7 |     9 ||    16
         Punch             |     3 |     1 ||     4
         Short sword       |    52 |    37 ||    89
   Cast: Foxfire           |    58 |    41 ||    99
         Scorch            |       |     2 ||     2
    Use: Scroll            |     6 |     2 ||     8
   Stab: Sleeping          |     2 |       ||     2
 Armour: Skin              |    40 |    24 ||    64
  Dodge: Dodged            |    83 |    49 ||   132
